[Event "Titled Tuesday Blitz March 14 Early 2023"]
[White "Vlassov, Nikolai"]
[Black "So, Wesley"]
[WhiteFideId "4103360"]
[BlackFideId "5202213"]
[WhiteElo "2324"]
[BlackElo "2739"]
[Result "0-1"]
[Round "01"]
[TimeControl "180+2"]
[Date "2023.03.14"]
[WhiteClock "0:01:52"]
[BlackClock "0:01:20"]

1. e4 e5 2. Bc4 Nf6 3. d3 c6 4. Nf3 Be7 5. O-O d6 6. a4 O-O 7. h3 Re8 8. Nc3 h6 9. d4 Nbd7 10. Be3 Bf8 11. dxe5 dxe5 12. Qb1 Nc5 13. Qa2 Qc7 14. Nd2 a5 15. Rad1 Rd8 16. f3 Ne6 17. Nb3 Re8 18. Rd2 Nh5 19. Rfd1 Nhf4 20. Ne2 Nxe2+ 21. Bxe2 Nf4 22. Bc4 g6 23. Bb6 Qxb6+ 0-1


[Site "https://www.chess.com"]

[Event "Titled Tuesday Blitz March 14 Early 2023"]
[White "Nakamura, Hikaru"]
[Black "Jeet, Jain"]
[WhiteFideId "2016192"]
[BlackFideId "5073022"]
[WhiteElo "2879"]
[BlackElo "2067"]
[Result "1-0"]
[Round "01"]
[TimeControl "180+2"]
[Date "2023.03.14"]
[WhiteClock "0:01:58"]
[BlackClock "0:00:50"]

1. Nf3 d5 2. g3 Nf6 3. Bg2 g6 4. d3 Bg7 5. Bd2 O-O 6. Qc1 Nc6 7. Bh6 e5 8. Nc3 d4 9. Bxg7 Kxg7 10. Nb1 Re8 11. O-O e4 12. dxe4 Nxe4 13. Rd1 Qf6 14. Nbd2 Nc5 15. Re1 Bf5 16. c3 dxc3 17. bxc3 Rad8 18. Nb3 Ne4 19. Nbd4 Nxd4 20. cxd4 c6 21. Qb2 Re7 22. e3 c5 23. Rac1 cxd4 24. Nxd4 Nd6 25. f3 Be6 26. Red1 Nf5 27. Nxf5+ Bxf5 28. Qxf6+ 1-0


[Site "https://www.chess.com"]

[Event "Titled Tuesday Blitz March 14 Early 2023"]
[White "Turgut, Aydin"]
[Black "Firouzja, Alireza"]
[WhiteFideId "2078791"]
[BlackFideId "12573981"]
[WhiteElo "2259"]
[BlackElo "2904"]
[Result "0-1"]
[Round "01"]
[TimeControl "180+2"]
[Date "2023.03.14"]
[WhiteClock "0:00:05"]
[BlackClock "0:00:14"]

1. e4 c6 2. d4 d5 3. f3 e6 4. Nc3 Bb4 5. Ne2 Ne7 6. a3 Ba5 7. h4 Nd7 8. h5 h6 9. Be3 b5 10. Qd2 Nb6 11. b3 dxe4 12. fxe4 f5 13. Nf4 Bxc3 14. Qxc3 fxe4 15. d5 O-O 16. O-O-O Nbxd5 17. Nxd5 exd5 18. Be2 Nf5 19. Bc5 Qf6 20. Kb2 Qxc3+ 21. Kxc3 Rf7 22. Rh3 Be6 23. g4 Ne7 24. Rg3 Re8 25. Rdg1 a5 26. g5 Nf5 27. R3g2 hxg5 28. Rxg5 d4+ 29. Kb2 Rd8 30. Bg4 d3 31. cxd3 Rxd3 32. h6 Rd2+ 33. Kc1 Rd5 34. Bb6 Kh7 35. Bxf5+ Rdxf5 36. hxg7 Rxg5 37. Rxg5 Rf1+ 38. Kd2 Bxb3 39. Bxa5 Rf3 40. Bb6 Bc4 41. Kc2 e3 42. Bd4 e2 43. Kd2 Rd3+ 44. Kxe2 Rxd4+ 45. Kf2 Rd7 46. Ke3 Rxg7 47. Rh5+ Kg8 48. Re5 Rd7 49. Rg5+ Kf7 50. Rc5 Rd6 51. a4 Ke6 52. a5 Rd3+ 53. Ke4 Kd6 54. Rh5 Ra3 55. Rh6+ Be6 56. Kd4 Ra4+ 57. Kd3 Rxa5 58. Kc3 Ra4 59. Kb2 Rc4 60. Kb3 Rh4+ 0-1


[Site "https://www.chess.com"]

[Event "Titled Tuesday Blitz March 14 Early 2023"]
[White "Wei, Yi"]
[Black "Fiorito, Joaquin"]
[WhiteFideId "8603405"]
[BlackFideId "180173"]
[WhiteElo "2686"]
[BlackElo "2157"]
[Result "1-0"]
[Round "01"]
[TimeControl "180+2"]
[Date "2023.03.14"]
[WhiteClock "0:00:46"]
[BlackClock "0:00:06"]

1. b3 d5 2. Bb2 c5 3. e3 Nf6 4. Nf3 Nc6 5. Bb5 Bd7 6. O-O a6 7. Be2 Bg4 8. c4 e6 9. cxd5 exd5 10. h3 Bh5 11. d4 Be7 12. dxc5 Bxc5 13. Nc3 O-O 14. Rc1 Be7 15. Nh4 Bxe2 16. Qxe2 Re8 17. Rfd1 Qa5 18. Nf5 Bf8 19. Nxd5 Nxd5 20. Nh6+ Kh8 21. Nxf7+ Kg8 22. Qc4 Nce7 23. Nd6 Kh8 24. Qe4 Qxa2 25. Nf7+ Kg8 26. Nh6+ Kh8 27. Qe6 1-0


[Site "https://www.chess.com"]

[Event "Titled Tuesday Blitz March 14 Early 2023"]
[White "Melikyan, Gnel"]
[Black "Yu, Yangyi"]
[WhiteFideId "54109990"]
[BlackFideId "8603820"]
[WhiteElo "2138"]
[BlackElo "2783"]
[Result "0-1"]
[Round "01"]
[TimeControl "180+2"]
[Date "2023.03.14"]
[WhiteClock "0:00:03"]
[BlackClock "0:01:31"]

1. e4 c5 2. Nf3 d6 3. d4 cxd4 4. Nxd4 Nf6 5. Nc3 Nc6 6. Bc4 e6 7. Be3 Bd7 8. O-O Be7 9. Bb3 O-O 10. Ndb5 Qb8 11. Bf4 Ne5 12. Bg3 Bxb5 13. Nxb5 Nxe4 14. Bf4 Nc5 15. Re1 a6 16. Nd4 Qc7 17. Qh5 Nxb3 18. axb3 Ng6 19. Bg3 Qc5 20. Qxc5 dxc5 21. Ne2 f5 22. f3 Rfd8 23. Nc3 Kf7 24. Re2 Bf6 25. Rae1 Bd4+ 26. Kf1 e5 27. Na4 b5 28. Nc3 Rac8 29. Bf2 Nf4 30. Rd2 g5 31. g3 Ne6 32. Nd1 Kf6 33. c3 Bxf2 34. Rxf2 c4 35. Rfe2 Rc5 36. b4 Rcd5 37. Ne3 Rd2 38. g4 Rxe2 39. Rxe2 f4 40. Nf5 Rd5 41. h4 h5 42. Kg2 Rd3 43. hxg5+ Nxg5 44. Nh4 hxg4 0-1


[Site "https://www.chess.com"]

[Event "Titled Tuesday Blitz March 14 Early 2023"]
[White "Caruana, Fabiano"]
[Black "Nurmanova, Alua"]
[WhiteFideId "2020009"]
[BlackFideId "13729390"]
[WhiteElo "2818"]
[BlackElo "2253"]
[Result "1-0"]
[Round "01"]
[TimeControl "180+2"]
[Date "2023.03.14"]
[WhiteClock "0:01:31"]
[BlackClock "0:00:11"]

1. d4 Nf6 2. Nf3 g6 3. g3 Bg7 4. Bg2 O-O 5. O-O d6 6. a4 Nc6 7. a5 a6 8. c3 d5 9. Bf4 Ne4 10. Nbd2 Re8 11. Nxe4 dxe4 12. Ng5 f5 13. d5 Ne5 14. Qb3 h6 15. Ne6 Bxe6 16. dxe6 Qc8 17. Rfd1 Kh7 18. Bxe5 Bxe5 19. Rd7 Bd6 20. Rd1 Rb8 21. g4 fxg4 22. Bxe4 Rd8 23. R1xd6 cxd6 24. Rxe7+ Kh8 25. Bxg6 d5 26. Qb4 Qc4 27. Rh7+ Kg8 28. Qe7 1-0


[Site "https://www.chess.com"]

[Event "Titled Tuesday Blitz March 14 Early 2023"]
[White "Gontcharov, Vladislav"]
[Black "Erigaisi Arjun"]
[WhiteFideId "4123492"]
[BlackFideId "35009192"]
[WhiteElo "2470"]
[BlackElo "2737"]
[Result "0-1"]
[Round "01"]
[TimeControl "180+2"]
[Date "2023.03.14"]
[WhiteClock "0:00:05"]
[BlackClock "0:00:35"]

1. e4 d6 2. d4 g6 3. Nc3 a6 4. Bd3 Bg7 5. Nf3 Nc6 6. Ne2 Bg4 7. c3 e5 8. d5 Nce7 9. h3 Bxf3 10. gxf3 Nf6 11. h4 Nh5 12. Be3 f5 13. Bg5 f4 14. Qa4+ Kf7 15. O-O-O h6 16. Bxe7 Qxe7 17. Rdg1 Rhg8 18. Kb1 Bf6 19. Rg4 Rg7 20. Qb3 b6 21. Nc1 Kg8 22. Qa4 a5 23. Bb5 Rf8 24. b4 axb4 25. cxb4 Ng3 26. fxg3 h5 27. Rg5 Bxg5 28. hxg5 fxg3 29. Bf1 Rxf3 30. Qd1 Rgf7 31. Be2 R3f4 32. Nd3 Rxe4 33. Qd2 h4 34. Kc2 g2 35. Rg1 h3 36. Qd1 Qxg5 37. Bf3 Rc4+ 38. Kb3 Rd4 39. Qe2 Qg3 40. Be4 Rf4 41. Bxg2 Qxd3+ 42. Qxd3 Rxd3+ 0-1


[Site "https://www.chess.com"]

[Event "Titled Tuesday Blitz March 14 Early 2023"]
[White "Xiong, Jeffery"]
[Black "Karttunen, Mika"]
[WhiteFideId "2047640"]
[BlackFideId "502081"]
[WhiteElo "2726"]
[BlackElo "2396"]
[Result "1-0"]
[Round "01"]
[TimeControl "180+2"]
[Date "2023.03.14"]
[WhiteClock "0:01:17"]
[BlackClock "0:00:06"]

1. e4 c5 2. Nf3 d6 3. Nc3 Nf6 4. d4 cxd4 5. Qxd4 Nbd7 6. Bg5 a6 7. O-O-O Qa5 8. Kb1 e6 9. Bc4 Be7 10. Bb3 O-O 11. h4 Qc7 12. g4 Ne5 13. Nxe5 dxe5 14. Qc4 Qb8 15. a4 b5 16. Qe2 b4 17. Na2 Qb6 18. Rdg1 Bb7 19. Bxf6 Bxf6 20. g5 Be7 21. h5 Bc5 22. Qf3 Rad8 23. h6 Rd4 24. hxg7 Re8 25. Rxh7 Kxh7 26. Qxf7 Bxe4 27. g8=Q# 1-0


[Site "https://www.chess.com"]

[Event "Titled Tuesday Blitz March 14 Early 2023"]
[White "Plotnikov, Pavel"]
[Black "Pranav, V"]
[WhiteFideId "4170342"]
[BlackFideId "25060783"]
[WhiteElo "2298"]
[BlackElo "2500"]
[Result "0-1"]
[Round "01"]
[TimeControl "180+2"]
[Date "2023.03.14"]
[WhiteClock "0:00:12"]
[BlackClock "0:01:53"]

1. e4 e5 2. Nf3 Nc6 3. Nc3 Nf6 4. Be2 g6 5. d4 exd4 6. Nxd4 d6 7. Bg5 Be7 8. O-O O-O 9. Bf3 Ne5 10. Re1 Re8 11. h3 c6 12. a4 Bf8 13. a5 a6 14. Na4 h6 15. Bd2 Bg7 16. Nb6 Rb8 17. Ra3 Nfd7 18. Nxc8 Rxc8 19. Bc1 Nc5 20. b4 Ncd7 21. Be2 c5 22. bxc5 Nxc5 23. Bf1 Ned7 24. f3 Nf8 25. c4 Qh4 26. Be3 Nfe6 27. Nxe6 Nxe6 28. Bf2 Qg5 29. Qxd6 Bf8 30. Qd3 Nf4 31. Qb3 Bxa3 32. Qxa3 Nxh3+ 33. Kh2 Nxf2 0-1


[Site "https://www.chess.com"]

[Event "Titled Tuesday Blitz March 14 Early 2023"]
[White "Le, Tuan Minh"]
[Black "Lopez Mulet, Inigo"]
[WhiteFideId "12401153"]
[BlackFideId "22235620"]
[WhiteElo "2558"]
[BlackElo "2289"]
[Result "1-0"]
[Round "01"]
[TimeControl "180+2"]
[Date "2023.03.14"]
[WhiteClock "0:00:12"]
[BlackClock "0:00:15"]

1. d4 e6 2. Nf3 Nf6 3. Bf4 d5 4. e3 Bd6 5. Bg3 c5 6. c4 O-O 7. Nc3 a6 8. cxd5 exd5 9. dxc5 Bxc5 10. Rc1 Be7 11. Be2 Nc6 12. O-O Bg4 13. h3 Bh5 14. Nd4 Bxe2 15. Ndxe2 Rc8 16. Qd3 Qd7 17. Rfd1 Rfd8 18. Na4 Nb4 19. Qb3 Rxc1 20. Rxc1 Ne4 21. Rc7 Qe6 22. Rxb7 Nd2 23. Qd1 Ne4 24. Nac3 h5 25. Nd4 Qf6 26. Nxe4 dxe4 27. Qxh5 Nd3 28. Nf5 g6 29. Nxe7+ Qxe7 30. Rxe7 gxh5 31. Rxe4 Nxb2 32. Rd4 Rc8 33. Bf4 Rc1+ 34. Kh2 Rc2 35. Kg3 Nc4 36. a4 Nb6 37. Rd6 Nc4 38. Rxa6 Nd2 39. Kh4 Ne4 40. f3 Nc5 41. Rc6 Rc4 42. a5 Kg7 43. a6 Ra4 44. Rxc5 Rxa6 45. Rxh5 f6 46. g4 Ra2 47. Rc5 Rf2 48. Kg3 Rf1 49. Kg2 Rd1 50. h4 Rd2+ 51. Kg3 Rd7 52. h5 Rd1 53. Rc7+ Kg8 54. h6 1-0


[Site "https://www.chess.com"]

[Event "Titled Tuesday Blitz March 14 Early 2023"]
[White "Safin, Robert"]
[Black "Bluebaum, Matthias"]
[WhiteFideId "34189120"]
[BlackFideId "24651516"]
[WhiteElo "2245"]
[BlackElo "2638"]
[Result "0-1"]
[Round "01"]
[TimeControl "180+2"]
[Date "2023.03.14"]
[WhiteClock "0:00:08"]
[BlackClock "0:01:52"]

1. e4 e6 2. d4 d5 3. Nd2 c5 4. exd5 Qxd5 5. Ngf3 cxd4 6. Bc4 Qd6 7. O-O Nf6 8. Nb3 Nc6 9. Nbxd4 Nxd4 10. Nxd4 Be7 11. Re1 O-O 12. c3 Qc7 13. Bb3 b6 14. Qe2 Kh8 15. Bg5 Bb7 16. Rad1 a6 17. h3 h6 18. Bh4 Ne4 19. Bxe7 Qxe7 20. Bc2 Nf6 21. Qe5 Qc5 22. Qxc5 bxc5 23. Nb3 Rfc8 24. Na5 Bd5 25. c4 Bc6 26. Nxc6 Rxc6 27. Be4 Nxe4 28. Rxe4 Rc7 29. Re3 Rb7 30. b3 a5 31. Red3 Raa7 32. Rd8+ Kh7 33. Rc8 a4 34. Rxc5 axb3 35. axb3 Rxb3 36. Rd4 Rb2 37. Rf4 f5 38. Re5 Ra6 39. h4 g5 40. hxg5 hxg5 41. Rf3 Kg6 42. g3 Kf6 43. Ree3 g4 44. Rf4 e5 0-1


[Site "https://www.chess.com"]

[Event "Titled Tuesday Blitz March 14 Early 2023"]
[White "Shimanov, Aleksandr"]
[Black "Tokhirjonova, Gulrukhbegim"]
[WhiteFideId "4198603"]
[BlackFideId "14203626"]
[WhiteElo "2631"]
[BlackElo "2268"]
[Result "1-0"]
[Round "01"]
[TimeControl "180+2"]
[Date "2023.03.14"]
[WhiteClock "0:00:04"]
[BlackClock "0:00:05"]

1. c4 Nf6 2. g3 e6 3. Bg2 d5 4. Nf3 c5 5. O-O Nc6 6. cxd5 exd5 7. d4 Be6 8. b3 Be7 9. Bb2 b6 10. Nc3 O-O 11. e3 Rc8 12. Rc1 h6 13. Ne5 a6 14. Nxc6 Rxc6 15. dxc5 bxc5 16. Na4 c4 17. Qd4 Qa5 18. Rfd1 Rd8 19. h3 Ne8 20. Qd2 Bb4 21. Bc3 Bxc3 22. Nxc3 cxb3 23. axb3 Rdc8 24. Qa2 Qc7 25. Ne2 Qb7 26. Rxc6 Rxc6 27. Nf4 Nf6 28. Kh2 Qb5 29. Rd2 Rc3 30. Rb2 Rc1 31. Qa4 Qc5 32. Qxa6 Qc3 33. Qe2 Ra1 34. Qd2 Qc7 35. b4 1-0


[Site "https://www.chess.com"]

[Event "Titled Tuesday Blitz March 14 Early 2023"]
[White "Ginzburg, Yakov"]
[Black "Matlakov, Maxim"]
[WhiteFideId "4157176"]
[BlackFideId "4168003"]
[WhiteElo "2305"]
[BlackElo "2666"]
[Result "0-1"]
[Round "01"]
[TimeControl "180+2"]
[Date "2023.03.14"]
[WhiteClock "0:00:53"]
[BlackClock "0:02:36"]

1. e4 e5 2. Nf3 Nc6 3. Bb5 a6 4. Bxc6 dxc6 5. O-O Qf6 6. d3 Bg4 7. Nbd2 Ne7 8. Qe1 Ng6 9. Qe3 O-O-O 10. Qa7 Nf4 11. Qa8+ Kd7 12. Qxb7 Bd6 13. d4 Qg6 14. Qb3 Be6 15. Qe3 Qxg2# 0-1


[Site "https://www.chess.com"]

[Event "Titled Tuesday Blitz March 14 Early 2023"]
[White "Lazavik, Denis"]
[Black "Riff, Vincent"]
[WhiteFideId "13515110"]
[BlackFideId "617776"]
[WhiteElo "2560"]
[BlackElo "2369"]
[Result "1-0"]
[Round "01"]
[TimeControl "180+2"]
[Date "2023.03.14"]
[WhiteClock "0:00:28"]
[BlackClock "0:01:26"]

1. d4 Nf6 2. c4 c5 3. d5 e5 4. Nc3 d6 5. e4 Be7 6. Bd3 Nbd7 7. h3 h5 8. Nf3 Nf8 9. g3 Ng6 10. h4 Bg4 11. Be2 a6 12. a4 a5 13. Be3 O-O 14. Ng5 Bxe2 15. Qxe2 Ng4 16. Bd2 Qd7 17. f3 Nf6 18. Nd1 Ra6 19. Ne3 Rb6 20. Bc3 Nh8 21. Nf5 g6 22. Nxe7+ Qxe7 23. Bxa5 Ra6 24. Bc3 Nd7 25. O-O Rfa8 26. b3 f6 27. Ne6 Nf8 28. Nxf8 Kxf8 29. f4 Kg7 30. f5 Rb6 31. Rab1 Qf7 32. a5 Rba6 33. Rf3 b6 34. Rbf1 bxa5 35. Kh2 a4 36. fxg6 Qxg6 37. Rxf6 Qxf6 38. Rxf6 Kxf6 39. bxa4 Rxa4 40. Qxh5 Rxc4 41. Bd2 Rc2 42. Kh3 Ng6 43. Bg5+ Kg7 44. Qh6+ Kf7 45. Qh7+ Kf8 46. Qxg6 Ra7 47. Qxd6+ 1-0


[Site "https://www.chess.com"]

[Event "Titled Tuesday Blitz March 14 Early 2023"]
[White "Yurovskykh, Oleksandr"]
[Black "Sarana, Alexey"]
[WhiteFideId "14134020"]
[BlackFideId "24133795"]
[WhiteElo "2268"]
[BlackElo "2714"]
[Result "0-1"]
[Round "01"]
[TimeControl "180+2"]
[Date "2023.03.14"]
[WhiteClock "0:00:03"]
[BlackClock "0:00:46"]

1. d4 Nf6 2. Nf3 d5 3. c3 c6 4. Bf4 Bf5 5. e3 e6 6. Bd3 Bd6 7. Bxf5 exf5 8. Bxd6 Qxd6 9. Nbd2 O-O 10. O-O Nbd7 11. c4 Ne4 12. Qb3 b6 13. cxd5 cxd5 14. Rac1 Rfc8 15. Rc2 Ndf6 16. Rfc1 Rxc2 17. Rxc2 Ng4 18. Nb1 Ng5 19. Nbd2 Ne4 20. Nf1 g6 21. h3 Ngf6 22. Ne5 Qe7 23. Qa4 Qb7 24. Qc6 Qxc6 25. Rxc6 Ne8 26. f3 Ng5 27. Nd2 Ne6 28. g3 Kf8 29. Nb1 Ke7 30. Nc3 N8c7 31. Kf2 f6 32. Nd3 Kd7 33. Nb4 a5 34. Rxc7+ Nxc7 35. Nbxd5 Nxd5 36. Nxd5 Kd6 37. Nxb6 Rb8 38. Nc4+ Kd5 39. b3 a4 40. Nd2 Rc8 41. bxa4 Rc2 42. Ke2 Rxa2 43. Kd3 Ra3+ 44. Kc2 Rxa4 45. Nb1 Ra2+ 46. Kd3 Rg2 47. Nc3+ Kd6 48. Ne2 Rf2 49. f4 h6 50. g4 fxg4 51. hxg4 Rg2 52. Nc3 Rxg4 53. Ke4 f5+ 54. Kf3 h5 55. e4 fxe4+ 56. Nxe4+ Ke6 57. d5+ Ke7 58. d6+ Ke6 59. d7 Ke7 60. Nf6 Rg1 61. f5 Rf1+ 62. Ke4 Rxf5 63. Nd5+ Kxd7 64. Nf4 Rxf4+ 65. Kxf4 Ke6 0-1


[Site "https://www.chess.com"]

[Event "Titled Tuesday Blitz March 14 Early 2023"]
[White "Bortnyk, Olexandr"]
[Black "Taboas Rodriguez, Daniel"]
[WhiteFideId "14120828"]
[BlackFideId "2208466"]
[WhiteElo "2734"]
[BlackElo "2365"]
[Result "1-0"]
[Round "01"]
[TimeControl "180+2"]
[Date "2023.03.14"]
[WhiteClock "0:01:31"]
[BlackClock "0:00:10"]

1. d4 Nf6 2. Nc3 d5 3. Bf4 Bf5 4. e3 e6 5. Nf3 Bd6 6. Ne5 Nbd7 7. Bd3 Bxd3 8. cxd3 O-O 9. O-O Bxe5 10. dxe5 Ne8 11. Rc1 c5 12. Bg3 Nc7 13. f4 Nb6 14. f5 exf5 15. Rxf5 Ne6 16. Qg4 Qd7 17. Rcf1 Rae8 18. Rh5 Nc7 19. Qh4 h6 20. Rf6 Re6 21. Bf4 Ne8 22. Bxh6 Nxf6 23. exf6 Rxf6 24. Bxg7 Kxg7 25. Rh7+ Kg8 26. Rh8+ Kg7 27. Qh7# 1-0


[Site "https://www.chess.com"]

[Event "Titled Tuesday Blitz March 14 Early 2023"]
[White "Loiacono, Antonio"]
[Black "Van Foreest, Jorden"]
[WhiteFideId "895415"]
[BlackFideId "1039784"]
[WhiteElo "2257"]
[BlackElo "2633"]
[Result "0-1"]
[Round "01"]
[TimeControl "180+2"]
[Date "2023.03.14"]
[WhiteClock "0:00:07"]
[BlackClock "0:01:01"]

1. e4 e5 2. Nf3 Nc6 3. Nc3 Nf6 4. Bb5 Bd6 5. d3 a6 6. Bxc6 dxc6 7. h3 Nd7 8. O-O O-O 9. Nd2 b5 10. Ne2 Nc5 11. Ng3 Re8 12. Nb3 Ne6 13. Nf5 Bf8 14. Qg4 Kh8 15. Qg3 f6 16. a4 Rb8 17. h4 c5 18. h5 c4 19. dxc4 bxc4 20. Nd2 Nf4 21. Qf3 Be6 22. Re1 Qd7 23. Ne3 Bf7 24. g4 Qc6 25. Ndf1 c3 26. b3 Ne6 27. Nf5 Nd4 28. Nxd4 exd4 29. Ng3 Rbd8 30. Rd1 Qd7 31. Bf4 h6 32. Nf5 c5 33. Re1 Qc6 34. Rad1 Rd7 35. Qg2 d3 36. cxd3 c2 37. Rc1 Bxb3 38. Qg3 Red8 39. Re3 c4 40. d4 Ba3 41. d5 Qb6 42. Ree1 Bxc1 43. Rxc1 Bxa4 44. Qc3 Re8 45. e5 Rxd5 46. Nh4 Rd1+ 47. Kh2 Qxf2+ 48. Ng2 Rxc1 49. exf6 Bc6 50. fxg7+ Kh7 0-1


[Site "https://www.chess.com"]

[Event "Titled Tuesday Blitz March 14 Early 2023"]
[White "Lenderman, Aleksandr"]
[Black "Garakov, Mikhael"]
[WhiteFideId "2021285"]
[BlackFideId "4169034"]
[WhiteElo "2607"]
[BlackElo "2347"]
[Result "1-0"]
[Round "01"]
[TimeControl "180+2"]
[Date "2023.03.14"]
[WhiteClock "0:01:21"]
[BlackClock "0:00:06"]

1. Nf3 c5 2. d4 cxd4 3. c3 dxc3 4. Nxc3 Nc6 5. e4 g6 6. e5 Bg7 7. Bf4 f6 8. exf6 Nxf6 9. Bc4 d5 10. Nxd5 Nxd5 11. Bxd5 Qa5+ 12. Qd2 Qxd2+ 13. Bxd2 Bxb2 14. Rb1 Bf6 15. O-O e6 16. Rfe1 O-O 17. Bxe6+ Bxe6 18. Rxe6 Nd4 19. Rxf6 Rxf6 20. Nxd4 Rb6 21. Rc1 Rb2 22. Be3 Rxa2 23. h4 a5 24. Rc7 a4 25. Ne6 Ra1+ 26. Kh2 Rd1 27. Bh6 Rd6 28. Rg7+ Kh8 29. Ng5 1-0


[Site "https://www.chess.com"]

[Event "Titled Tuesday Blitz March 14 Early 2023"]
[White "Janaszak, Dawid"]
[Black "Sjugirov, Sanan"]
[WhiteFideId "1119206"]
[BlackFideId "4189302"]
[WhiteElo "2220"]
[BlackElo "2569"]
[Result "0-1"]
[Round "01"]
[TimeControl "180+2"]
[Date "2023.03.14"]
[WhiteClock "0:00:02"]
[BlackClock "0:00:02"]

1. e4 c5 2. Nc3 Nc6 3. Bb5 Nd4 4. Nf3 a6 5. Bd3 g6 6. b4 Nxf3+ 7. Qxf3 cxb4 8. Nd5 Bg7 9. Rb1 e6 10. Ne3 Ne7 11. Rxb4 Nc6 12. Bb2 O-O 13. Bxg7 Kxg7 14. Rb1 b5 15. O-O Bb7 16. Qf4 Qb8 17. Qh4 Qd8 18. Qf4 Qf6 19. Qc7 Rab8 20. f4 Qd4 21. f5 Qe5 22. Qxe5+ Nxe5 23. f6+ Kg8 24. h3 Rfc8 25. Ng4 d6 26. Nxe5 dxe5 27. a4 bxa4 28. Rb6 Ba8 29. Rxa6 Bc6 30. Ra7 Be8 31. Ra1 h6 32. Kf2 g5 33. Ke3 Kh7 34. Ra5 Kg6 35. Rxe5 Kxf6 36. Ra5 Ra8 37. e5+ Ke7 38. Rxa8 Rxa8 39. Be4 Rb8 40. Ra3 f6 41. exf6+ Kxf6 42. c3 Ke5 43. Bc2 Kd6 44. d4 Bc6 45. c4 Bxg2 46. Rxa4 Bxh3 47. Ra6+ Ke7 48. Ra7+ Kf6 49. c5 Bf5 50. Ba4 g4 51. c6 Rc8 52. c7 e5 53. dxe5+ Kxe5 54. Bb5 Kd6 55. Ra6+ Ke5 56. Rxh6 Rxc7 57. Be2 Rc3+ 58. Kd2 Ra3 59. Rh8 Kf4 60. Rg8 Ra2+ 61. Ke1 g3 62. Bf1 Be4 63. Rf8+ Ke3 0-1


[Site "https://www.chess.com"]

[Event "Titled Tuesday Blitz March 14 Early 2023"]
[White "Martinez Alcantara, Jose Eduardo"]
[Black "Sai Han Thiha"]
[WhiteFideId "3805662"]
[BlackFideId "13012290"]
[WhiteElo "2712"]
[BlackElo "1954"]
[Result "1-0"]
[Round "01"]
[TimeControl "180+2"]
[Date "2023.03.14"]
[WhiteClock "0:00:56"]
[BlackClock "0:00:04"]

1. e4 c6 2. d4 d5 3. e5 c5 4. dxc5 e6 5. c3 Bxc5 6. Bd3 Nc6 7. Nf3 f6 8. Qe2 fxe5 9. Nxe5 Nxe5 10. Qxe5 Qf6 11. Bb5+ Bd7 12. Bxd7+ Kxd7 13. Qe2 a6 14. Nd2 Ne7 15. Nf3 Nc6 16. Be3 Bxe3 17. Qxe3 Kc7 18. O-O e5 19. Rfe1 Rhe8 20. b4 Rad8 21. b5 axb5 22. Qc5 d4 23. cxd4 exd4 24. Red1 Kb8 25. Qxb5 Rd7 26. Rab1 Red8 27. Nd2 Qe5 28. Qxc6 d3 29. Qf3 Qe2 30. h3 Re8 31. a4 Rc7 32. a5 Qxf3 33. Nxf3 Rd8 34. a6 Ka7 35. Rxb7+ Rxb7 36. axb7 Kxb7 37. Rd2 Kb6 38. Ne5 Rd5 39. Nxd3 Kb5 40. Rd1 1-0


[Site "https://www.chess.com"]

[Event "Titled Tuesday Blitz March 14 Early 2023"]
[White "Kozin, Yuri"]
[Black "Vokhidov, Shamsiddin"]
[WhiteFideId "4129920"]
[BlackFideId "14204223"]
[WhiteElo "2528"]
[BlackElo "2570"]
[Result "0-1"]
[Round "01"]
[TimeControl "180+2"]
[Date "2023.03.14"]
[WhiteClock "0:00:10"]
[BlackClock "0:00:54"]

1. e4 g6 2. d4 Nf6 3. e5 Nh5 4. Be2 d6 5. Bxh5 gxh5 6. Qxh5 dxe5 7. Qxe5 Rg8 8. Qe4 Rg4 9. Qxh7 Qxd4 10. Ne2 Qd5 11. Nbc3 Qxg2 12. Rg1 Qf3 13. Be3 Bf5 14. Qh8 Rxg1+ 15. Nxg1 Qg4 16. Nge2 Nd7 17. O-O-O O-O-O 18. Qd4 Qxd4 19. Nxd4 Bg6 20. f4 e6 21. f5 exf5 22. Rf1 Bd6 23. Nxf5 Bxh2 24. Ne7+ Kb8 25. Nxg6 fxg6 26. Rf7 Ne5 27. Rg7 b6 28. a4 a6 29. Ne2 Nc4 30. Bf4 Bxf4+ 31. Nxf4 Rf8 32. b3 Rxf4 33. bxc4 Rxc4 34. Rxg6 Rxa4 0-1


[Site "https://www.chess.com"]

[Event "Titled Tuesday Blitz March 14 Early 2023"]
[White "Vallejo Pons, Francisco"]
[Black "Turzo, Attila"]
[WhiteFideId "2205530"]
[BlackFideId "704954"]
[WhiteElo "2589"]
[BlackElo "2527"]
[Result "1-0"]
[Round "01"]
[TimeControl "180+2"]
[Date "2023.03.14"]
[WhiteClock "0:00:13"]
[BlackClock "0:00:11"]

1. e4 c5 2. b3 Nc6 3. Bb2 e5 4. Bc4 Nf6 5. d3 Be7 6. Nc3 O-O 7. Nge2 d6 8. O-O a6 9. a4 Nd4 10. f4 Be6 11. a5 Nxe2+ 12. Qxe2 exf4 13. Rxf4 d5 14. exd5 Bd6 15. Rxf6 Qxf6 16. dxe6 Qd4+ 17. Kh1 fxe6 18. Na4 Qf4 19. g3 Qf3+ 20. Qxf3 Rxf3 21. Bxe6+ Kh8 22. Bd5 Rf2 23. Re1 Rb8 24. c4 Rd2 25. Be5 Bxe5 26. Rxe5 Rxd3 27. Nxc5 Rd1+ 28. Kg2 b6 29. axb6 Rxb6 30. Re8# 1-0


[Site "https://www.chess.com"]

[Event "Titled Tuesday Blitz March 14 Early 2023"]
[White "Wartiovaara, Oliver"]
[Black "Eljanov, Pavel"]
[WhiteFideId "513024"]
[BlackFideId "14102951"]
[WhiteElo "2214"]
[BlackElo "2598"]
[Result "0-1"]
[Round "01"]
[TimeControl "180+2"]
[Date "2023.03.14"]
[WhiteClock "0:00:32"]
[BlackClock "0:00:31"]

1. e4 c6 2. Nf3 d5 3. d3 dxe4 4. dxe4 Qxd1+ 5. Kxd1 Nf6 6. Nc3 Nbd7 7. a4 e5 8. Bc4 Bc5 9. Ke2 a5 10. Ne1 Ke7 11. Nd3 Bd6 12. f3 Nc5 13. Nxc5 Bxc5 14. Be3 Bxe3 15. Kxe3 Ne8 16. Rad1 Nd6 17. Bb3 h5 18. h4 Ra6 19. Rd2 Rb6 20. Rhd1 Rd8 21. Ne2 f6 22. Nc1 c5 23. Bd5 Rxb2 24. Nd3 Rb6 25. Nxc5 Ne8 26. Bxb7 Rxd2 27. Rxd2 Rxb7 28. Nxb7 Bxb7 29. c3 Nd6 30. Rd1 Bc6 31. Rb1 Bxa4 32. Ra1 Bb5 33. g4 hxg4 34. fxg4 a4 35. g5 fxg5 36. hxg5 a3 37. Kf3 Nc4 38. Kg4 g6 39. Kf3 Ba4 40. Ke2 Bb3 41. Kd3 a2 42. Rh1 Kd6 43. Ke2 Na3 0-1


[Site "https://www.chess.com"]

[Event "Titled Tuesday Blitz March 14 Early 2023"]
[White "Makhnev, Denis"]
[Black "Kozlov, Gennady"]
[WhiteFideId "13707647"]
[BlackFideId "4191668"]
[WhiteElo "2525"]
[BlackElo "2356"]
[Result "1-0"]
[Round "01"]
[TimeControl "180+2"]
[Date "2023.03.14"]
[WhiteClock "0:00:08"]
[BlackClock "0:00:21"]

1. d4 e6 2. c4 b6 3. a3 Bb7 4. Nc3 Nf6 5. Nf3 Be7 6. d5 d6 7. e4 e5 8. Bd3 a5 9. O-O Na6 10. Rb1 Bc8 11. b4 axb4 12. axb4 O-O 13. Ne1 Bg4 14. Be2 Bxe2 15. Qxe2 Nd7 16. Nc2 f5 17. exf5 Rxf5 18. Ra1 Qc8 19. Be3 Bg5 20. Ra2 Rb8 21. c5 bxc5 22. Qxa6 Qxa6 23. Rxa6 cxb4 24. Ne4 Bxe3 25. Nxe3 Rf4 26. f3 b3 27. Rc6 Rb7 28. Rb1 Nf6 29. Nxf6+ gxf6 30. Rc3 Rfb4 31. Kf2 Kf7 32. g4 Kg6 33. Rb2 h5 34. h4 hxg4 35. fxg4 f5 36. gxf5+ Kh5 37. Kg3 Rxh4 38. Rbxb3 Rxb3 39. Rxb3 Re4 40. Kf3 Rf4+ 41. Ke2 Kg5 42. Rb7 Re4 43. Kd2 Rd4+ 44. Kc3 Re4 45. Nc4 Rd4 46. Rxc7 Rxd5 47. Rf7 Rc5 48. Kd3 Rd5+ 49. Ke2 Rd4 50. Ne3 Re4 51. Rg7+ Kf6 52. Rg6+ Ke7 53. Re6+ Kd7 54. Kf3 Rf4+ 55. Kg3 Re4 56. Kf2 Rf4+ 57. Ke2 Rxf5 58. Rh6 Rf7 59. Kd3 Rf4 60. Nc4 Rd4+ 61. Kc3 Rd5 62. Nb6+ Kc6 63. Nxd5 Kxd5 64. Kd3 Kc5 65. Ke4 Kc6 66. Rh8 Kc5 67. Rc8+ 1-0


[Site "https://www.chess.com"]